 Dungeon Crawl Stone Soup version 0.16-a0-3641-g71d4c1b (webtiles) character file.

162093 Mousus6 the Minotaur Blade (level 17, -13/144 HPs)
             Began as a Minotaur Fighter on Jan 14, 2015.
             Was the Champion of Pakellas.
             Mangled by a large abomination (16 damage)
             ... on level 1 of the Abyss on Jan 15, 2015.
             The game lasted 02:41:11 (32419 turns).

Mousus6 the Minotaur Blade (Minotaur Fighter)      Turns: 32419, Time: 02:41:13

Health: -13/144    AC: 25    Str: 27      XL:     17   Next: 21%
Magic:  19/32      EV: 11    Int:  3 (7)  God:    Pakellas [******]
Gold:   558        SH:  0    Dex: 15      Spells: 0 memorised, 16 levels left

rFire  + . .     SeeInvis .     a - +4 triple sword (slice)
rCold  + + .     Clarity  .     Y - +9 ring mail of Waecef {+Fly MR+ Regen+ MP-9}
rNeg   . . .     SustAb   .     (no shield)
rPois  .         Gourm    .     n - +0 hat
rElec  +         Spirit   .     y - +3 cloak "Psyploko" {rElec rC++ Str+4 Int+2}
rCorr  .         Warding  .     M - +1 pair of gloves
rMut   .         Stasis   .     h - +0 pair of boots
MR     +++..                    Q - amulet of faith
Stlth  +.........               z - ring of magical power
                                F - ring of protection from magic

@: about to teleport, extremely resistant to hostile enchantments, very
unstealthy
A: retaliatory headbutt, horns 2, fire resistance 1, frail 1
a: Minor Device Surge, Quick Charge, Device Surge, Major Device Surge, Renounce
Religion, Evoke Flight


You were on level 1 of the Abyss.
You worshipped Pakellas.
Pakellas was exalted by your worship.
You were not hungry.

You visited 5 branches of the dungeon, and saw 28 of its levels.
You visited the Abyss 1 time.
You also visited: Bailey.

You collected 2856 gold pieces.
You spent 2298 gold pieces at shops.

Inventory:

Hand weapons
 a - a +4 triple sword of slicing (weapon)
 c - a +5 scimitar of holy wrath
 p - a +2 scimitar of flaming
 q - the +7 war axe "Plog" {holy, +Twstr}
   (You found it on level 9 of the Dungeon)

   It has been blessed by the Shining One to cause great damage to the undead
   and demons.
   It can be evoked to create a twister.
Armour
 h - a +0 pair of boots (worn)
 n - a +0 hat (worn)
 y - the +3 cloak "Psyploko" (worn) {rElec rC++ Str+4 Int+2}
   (You bought it in a shop on level 4 of the Orcish Mines)

   It affects your strength (+4).
   It affects your intelligence (+2).
   It greatly protects you from cold.
   It insulates you from electricity.
 M - a +1 pair of gloves (worn)
 Y - the +9 ring mail of Waecef (worn) {+Fly MR+ Regen+ MP-9}
   (You found it in a bailey)

   It affects your resistance to hostile enchantments.
   It affects your magic capacity (-9).
   It lets you fly.
   It increases your rate of regeneration.
Rods
 b - a +10 lightning rod (18/18)
   (Pakellas gifted it to you on level 7 of the Lair of Beasts)
 d - a +5 iron rod (8/12)
   (Pakellas gifted it to you on level 2 of the Shoals)
 e - a +6 iron rod (12/12)
   (Pakellas gifted it to you on level 4 of the Orcish Mines)
 w - a +3 rod of clouds (13/13)
   (Pakellas gifted it to you on level 11 of the Dungeon)
Jewellery
 z - a ring of magical power (right hand)
 C - an uncursed amulet of regeneration {unknown}
 F - a ring of protection from magic (left hand)
 Q - an amulet of faith (around neck)
Magical devices
 f - a wand of teleportation (7)
 i - a wand of flame (8)
 B - a wand of fire (0)
 I - a wand of lightning (8)
 N - a wand of fire (6)
 T - a wand of cold (0)
 U - a wand of fireball (0)
 V - a wand of digging (14)
Scrolls
 g - 2 scrolls of remove curse
 j - 2 scrolls of fear
 t - 5 scrolls of teleportation
 v - 2 scrolls of blinking
 H - 3 scrolls of magic mapping
Potions
 l - 5 potions of curing
 m - 4 potions of agility
 o - 4 potions of might
 r - a potion of invisibility
 u - 5 potions of restore abilities
 A - 3 potions of haste
 D - 2 potions of cancellation
 J - 5 potions of lignification
 P - 3 potions of resistance
 R - a potion of heal wounds
 S - 2 potions of magic
 X - a potion of flight
Miscellaneous
 k - 2 lamps of fire
 K - a phantom mirror
 L - 2 fans of gales
 W - a stone of tremors
Comestibles
 s - 2 chunks of flesh
 x - 2 meat rations
 E - 4 beef jerkies
 G - 10 bread rations
 O - 62 fruits


   Skills:
 + Level 17.3 Fighting
 + Level 21.1 Long Blades
 - Level 13.0 Armour
 - Level 0.4 Dodging
   Level 3.6 Shields
 * Level 16.6 Evocations


You had 16 spell levels left.
You didn't know any spells.

Dungeon Overview and Level Annotations

Branches:
Dungeon (11/15)            Temple (1/1) D:5            Lair (8/8) D:8
 Shoals (4/5) Lair:5       Spider (0/5) Lair:4        Slime (0/6) Lair:8
    Orc (4/4) D:11            Elf (0/3) Orc:3

Altars:
Ashenzari
Cheibriados
Dithmenos
Elyvilon
Fedhas
Gozag
Kikubaaqudgha
Makhleb
Nemelex Xobeh
Okawaru
Pakellas
Qazlal
Ru
Sif Muna
Trog
Vehumet
Xom
Yredelemnul
Zin
The Shining One
Beogh

Shops:
Orc:2 *   Orc:4 :*[(   Shoals:1 *?

Annotations:
D:6 runed door
D:9 runed door
Lair:3 exclusion: oklob plant


Innate Abilities, Weirdness & Mutations

You reflexively headbutt those who attack you in melee.
You have a pair of horns on your head.
Your flesh is heat resistant.
You are frail (-10% HP).


Message History

You feel much better. The ancient zyme hits you.
* * * LOW HITPOINT WARNING * * *
The ancient zyme hits you.
* * * LOW HITPOINT WARNING * * *
The large abomination misses you. You furiously retaliate!
You headbutt the large abomination! The large abomination hits you!
* * * LOW HITPOINT WARNING * * *
An iron imp and a starcursed mass come into view.
The iron imp shouts!
You feel ill.
A starcursed mass splits.
Drink which item? (? for menu, Esc to quit)
You feel better. The ancient zyme hits you!
* * * LOW HITPOINT WARNING * * *
The ancient zyme closely misses you.
You feel yourself growing ill in the presence of the ancient zyme.
A chorus of shrieks assaults your mind.
* * * LOW HITPOINT WARNING * * *
The large abomination hits you!
You die...

## ....## #. # #
.........### ..#
........## #..## .
...##.... .).#.#.#. ...
#..#.†###))... ...#.#
....##..%..#÷#)......
.........#..##÷†..##....
..........X......##.
........#Dx@..........
..#.#D#####..........
.v.§# #.X.......... .
... # .X..##.... #..
......## ## . ... ...#
...... ..... #


You could see a bone dragon, 2 starcursed masses, an ancient zyme and a large
abomination.

Vanquished Creatures
  Nikola (Shoals:2)
  4 tentacled starspawn (Abyss:1)
  A kraken (Shoals:2)
  A daeva (Abyss:1)
  An orc warlord (Orc:4)
  A very ugly thing (Abyss:1)
  A merfolk javelineer (Shoals:3)
  6 hydras
  A merfolk impaler (Shoals:2)
  A green death (Abyss:1)
  Harold (Orc:4)
  A naga warrior (Abyss:1)
  3 merfolk avatars
  Erica (Lair:3)
  2 merfolk aquamancers
  13 death yaks
  3 orc high priests (Orc:4)
  4 thrashing horrors (Abyss:1)
  3 hell hogs (Abyss:1)
  4 hell knights (Abyss:1)
  A sun demon (Abyss:1)
  13 spriggans (Lair:8)
  2 fire crabs (Shoals:2)
  7 wretched stars (Abyss:1)
  3 iron trolls (D:9)
  5 sea snakes
  8 harpies (Shoals:1)
  2 giant orange brains (Abyss:1)
  2 necromancers (Abyss:1)
  6 orc knights
  5 orc sorcerers (Orc:4)
  2 ugly things (Abyss:1)
  4 cyclopes
  9 griffons
  3 wolf spiders
  8 fauns
  2 sixfirhies (Abyss:1)
  A worldbinder (Abyss:1)
  A salamander (Abyss:1)
  4 water nymphs
  An orb spider (Abyss:1)
  15 manticores
  A guardian serpent (Abyss:1)
  An octopode (Lair:4)
  22 elephants
  3 black mambas
  An apocalypse crab (Abyss:1)
  5 sirens
  3 smoke demons (Abyss:1)
  A drowned soul (Shoals:3)
  A torpor snail (Lair:8)
  2 orange demons (Abyss:1)
  10 spiny frogs
  3 hellwings (Abyss:1)
  10 komodo dragons
  4 ancient zymes (Abyss:1)
  A kobold demonologist (Abyss:1)
  A demonic crawler (Abyss:1)
  A gargoyle (D:9)
  A jumping spider (Lair:4)
  A spriggan druid (Lair:8)
  11 trolls
  A freezing wraith (Abyss:1)
  A fire drake (Lair:5)
  26 merfolk
  5 snapping turtles
  20 raiju (Abyss:1)
  4 polar bears (Lair:8)
  6 flying skulls (Abyss:1)
  A two-headed ogre (D:9)
  2 wind drakes
  27 blink frogs
  A deep elf mage (D:11)
  A ynoxinul (Abyss:1)
  9 water elementals
  4 redbacks (Lair:8)
  4 basilisks
  A wyvern (D:11)
  36 yaks
  A wraith (D:10)
  A fire bat (Shoals:2)
  A human (D:6)
  A hungry ghost (D:7)
  7 neqoxecs (Abyss:1)
  A steam dragon (Lair:6)
  A human (shapeshifter) (Abyss:1)
  4 chaos spawn (Abyss:1)
  8 hippogriffs
  2 wargs (Orc:4)
  19 wolves
  A naga (Abyss:1)
  11 small abominations (Abyss:1)
  A soldier ant (D:11)
  An insubstantial wisp (Abyss:1)
  13 water moccasins
  2 sky beasts
  2 ice beasts
  A spider (Lair:4)
  15 porcupines
  12 large abominations (Abyss:1)
  3 ogres
  36 orc warriors
  21 starcursed masses (Abyss:1)
  10 centaurs
  4 wasps
  6 black bears
  2 phantoms
  5 boring beetles
  A manticore skeleton (Abyss:1)
  15 crocodiles
  2 brain worms (Abyss:1)
  21 giant frogs
  14 big kobolds
  A scorpion (Lair:1)
  8 wights
  4 electric eels (D:9)
  A goliath beetle (D:8)
  4 crimson imps
  6 killer bees (D:7)
  An iron imp (Abyss:1)
  25 orc priests
  2 centaur skeletons (D:11)
  7 hounds
  A giant frog zombie (D:5)
  2 giant frog skeletons
  A jelly (D:9)
  9 iguanas
  32 orc wizards
  8 worker ants
  23 sheep
  Jessica (D:2)
  A big kobold zombie (D:8)
  Robin (D:2)
  21 adders
  4 gnolls
  62 river rats
  A worker ant zombie (D:9)
  2 white imps (Abyss:1)
  4 shadow imps
  A giant mite (D:6)
  A worm (D:3)
  An adder zombie (D:8)
  2 adder skeletons
  7 giant geckos
  An ooze (D:4)
  136 orcs
  13 bats
  A bat zombie (D:7)
  4 giant cockroaches
  26 goblins
  20 hobgoblins
  15 jackals
  10 quokkas
  2 ball pythons
  8 giant newts
  4 giant spores
  A goblin zombie (D:6)
  A jackal skeleton (D:6)
  34 kobolds
  A kobold zombie (D:8)
  A lurking horror (Abyss:1)
  2 quokka skeletons
  A quokka zombie (D:10)
  23 rats
  A rat skeleton (D:8)
  5 ballistomycetes
  A fungus (Lair:8)
  4 plants
  A starspawn tentacle (Abyss:1)
  A tentacle segment (Shoals:2)
1195 creatures vanquished.

Vanquished Creatures (collateral kills)
  A merfolk aquamancer (Shoals:3)
  A snapping turtle (Shoals:3)
  A small abomination (Abyss:1)
  A neqoxec (Abyss:1)
  A hippogriff (Shoals:2)
  A starcursed mass (Abyss:1)
  A white imp (Abyss:1)
7 creatures vanquished.

Vanquished Creatures (others)
  4 drowned souls (Shoals:3)
  A blink frog (Lair:2)
  A sky beast (D:11)
  An earth elemental (Lair:4)
  An orc warrior (Orc:4)
  A giant frog (D:8)
  A big kobold (D:10)
  A quasit (Abyss:1)
  4 orc priests
  2 orc wizards
  A worker ant (D:8)
  5 orcs
  2 goblins (Orc:2)
  5 kobolds (D:10)
  A giant spore (D:8)
  5 fungi
  13 plants
  4 starspawn tentacles (Abyss:1)
  10 starspawn tentacle segments (Abyss:1)
  5 tentacles (Shoals:2)
  223 tentacle segments (Shoals:2)
291 creatures vanquished.

Grand Total: 1493 creatures vanquished

Notes
Turn   | Place    | Note
--------------------------------------------------------------
     0 | D:1      | Mousus6, the Minotaur Fighter, began the quest for the Orb.
     0 | D:1      | Reached XP level 1. HP: 19/19 MP: 1/1
   286 | D:1      | Reached skill level 4 in Fighting
   460 | D:1      | Reached XP level 2. HP: 27/27 MP: 1/1
   963 | D:2      | Reached XP level 3. HP: 27/34 MP: 2/2
  1334 | D:2      | Noticed Robin
  1612 | D:2      | Killed Robin
  1612 | D:2      | Reached XP level 4. HP: 28/41 MP: 2/2
  1832 | D:2      | Noticed Jessica
  1836 | D:2      | Killed Jessica
  2137 | D:3      | Reached skill level 5 in Fighting
  2148 | D:3      | Reached skill level 5 in Long Blades
  2220 | D:3      | Reached XP level 5. HP: 40/48 MP: 2/2
  2481 | D:3      | Reached skill level 6 in Long Blades
  2845 | D:4      | Reached XP level 6. HP: 55/57 MP: 3/3
  3094 | D:4      | Found a shadowy altar of Dithmenos.
  3193 | D:5      | Entered Level 5 of the Dungeon
  3212 | D:5      | Reached skill level 1 in Evocations
  3229 | D:5      | Reached skill level 7 in Long Blades
  3344 | D:5      | Found a staircase to the Ecumenical Temple.
  3363 | D:5      | Reached XP level 7. HP: 62/64 MP: 5/5
  3366 | Temple   | Entered the Ecumenical Temple
  3971 | D:5      | Reached skill level 8 in Long Blades
  4178 | D:6      | Found a runed door.
  4178 | D:6      | Noticed a human
  4184 | D:6      | Found a basalt altar of Yredelemnul.
  4198 | D:6      | Killed a human
  4198 | D:6      | Reached XP level 8. HP: 63/73 MP: 7/7
  4264 | D:6      | Reached skill level 9 in Long Blades
  4334 | D:6      | Found a white marble altar of Elyvilon.
  5062 | D:7      | Reached skill level 10 in Long Blades
  6056 | D:8      | Reached skill level 5 in Evocations
  6056 | D:8      | Reached XP level 9. HP: 59/81 MP: 11/11
  6187 | D:7      | Gained mutation: Your flesh is heat resistant. [mutagenic meat]
  6453 | D:8      | Reached skill level 11 in Long Blades
  6825 | D:8      | Found an ancient bone altar of Kikubaaqudgha.
  6825 | D:8      | Found a sparkling altar of Nemelex Xobeh.
  6830 | D:8      | Found a radiant altar of Vehumet.
  6830 | D:8      | Found a shadowy altar of Dithmenos.
  6830 | D:8      | Found a basalt altar of Yredelemnul.
  6831 | D:8      | Found a deep blue altar of Sif Muna.
  6832 | D:8      | Found a burning altar of Makhleb.
  6833 | D:8      | Found a stormy altar of Qazlal.
  6836 | D:8      | Found a snail-covered altar of Cheibriados.
  6837 | D:8      | Found an oddly glowing altar of Pakellas.
  6838 | D:8      | Found an opulent altar of Gozag.
  6842 | D:8      | Became a worshipper of Pakellas the Inventive
  6892 | D:8      | Found a staircase to the Lair.
  6972 | D:8      | Reached skill level 12 in Long Blades
  7194 | D:8      | Acquired Pakellas' first power
  7560 | Lair:1   | Entered Level 1 of the Lair of Beasts
  7562 | Lair:1   | Noticed a komodo dragon
  7583 | D:8      | Killed a komodo dragon
  7583 | D:8      | Reached XP level 10. HP: 59/91 MP: 14/14
  8377 | Lair:1   | Noticed a spiny frog
  8377 | Lair:1   | Noticed a spiny frog
  8378 | Lair:1   | Noticed a komodo dragon
  8402 | Lair:1   | Killed a spiny frog
  8412 | Lair:1   | Killed a spiny frog
  8412 | Lair:1   | Reached skill level 13 in Long Blades
  8420 | Lair:1   | Killed a komodo dragon
  8420 | Lair:1   | Reached skill level 10 in Fighting
  9594 | Lair:2   | Reached skill level 14 in Long Blades
  9952 | Lair:2   | Acquired Pakellas' second power
 10007 | Lair:2   | Reached XP level 11. HP: 65/101 MP: 18/18
 10604 | Lair:2   | Noticed a four-headed hydra
 10627 | Lair:2   | Killed a seven-headed hydra
 11067 | Lair:2   | Reached skill level 5 in Armour
 11401 | Lair:3   | Got a crystal blowgun
 11402 | Lair:3   | Identified the +6 blowgun "Siun" {speed, rElec MR+ Stlth+} (You found it on level 3 of the Lair of Beasts)
 11476 | Lair:3   | Noticed an eight-headed hydra
 11485 | Lair:3   | Killed an eight-headed hydra
 11485 | Lair:3   | Reached skill level 15 in Long Blades
 12028 | Lair:3   | Found a white marble altar of Elyvilon.
 12092 | Lair:3   | Noticed Erica
 12125 | Lair:3   | Killed Erica
 12296 | Lair:3   | Acquired Pakellas' third power
 13132 | Lair:4   | Reached XP level 12. HP: 109/112 MP: 21/21
 13360 | Lair:4   | Noticed Snorg
 13371 | Lair:4   | Noticed Snorg
 13371 | Lair:4   | Snorg changed into Snorg the octopode
 13374 | Lair:4   | Killed Snorg the octopode
 13844 | Lair:4   | Reached skill level 16 in Long Blades
 14058 | Lair:4   | Found a hole to the Spider Nest.
 14856 | Lair:5   | Found a staircase to the Shoals.
 15529 | Lair:5   | Reached skill level 10 in Evocations
 15832 | Lair:6   | Reached skill level 17 in Long Blades
 16374 | Lair:6   | Noticed a six-headed hydra
 16391 | Lair:6   | Killed a six-headed hydra
 16391 | Lair:6   | Reached XP level 13. HP: 114/119 MP: 23/23
 16406 | Lair:6   | Got a jewelled great sword
 16407 | Lair:6   | Identified the +6 great sword of Bucuyth {holy, +Inv} (You found it on level 6 of the Lair of Beasts)
 16430 | Lair:6   | Noticed a six-headed hydra
 16439 | Lair:6   | Killed a two-headed hydra
 17767 | Lair:7   | Acquired Pakellas' fourth power
 17783 | Lair:7   | Received a gift from Pakellas
 17841 | Lair:7   | Reached skill level 18 in Long Blades
 18191 | Lair:7   | Reached skill level 10 in Armour
 18779 | Lair:8   | Entered Level 8 of the Lair of Beasts
 18891 | Lair:8   | Reached XP level 14. HP: 115/130 MP: 25/25
 19408 | Lair:8   | Reached skill level 19 in Long Blades
 19480 | Lair:8   | Got a fine cloak
 19491 | Lair:8   | Identified the cursed -2 cloak of Jojiaxux {rF+ HP+9 MP+9} (You found it on level 8 of the Lair of Beasts)
 19824 | Lair:8   | Found a staircase to the Slime Pits.
 20726 | D:9      | Found a runed door.
 20730 | D:9      | Found a runed door.
 21952 | D:10     | Entered Level 10 of the Dungeon
 22139 | D:9      | Got a fine war axe
 22140 | D:9      | Identified the +7 war axe "Plog" {holy, +Twstr} (You found it on level 9 of the Dungeon)
 22211 | D:10     | Found a roughly hewn altar of Beogh.
 22344 | D:10     | Found a snail-covered altar of Cheibriados.
 22702 | D:11     | Received a gift from Pakellas
 22719 | D:11     | Identified a +3 rod of clouds (13/13) (Pakellas gifted it to you on level 11 of the Dungeon)
 23135 | D:11     | Noticed Nergalle
 23137 | D:11     | Noticed Nergalle
 23137 | D:11     | Nergalle changed into Nergalle the wolf spider
 23152 | D:11     | Killed Nergalle the wolf spider
 23453 | D:11     | Found a staircase to the Orcish Mines.
 23467 | Orc:1    | Entered Level 1 of the Orcish Mines
 24191 | Orc:2    | Found Urghiopli's General Store.
 24194 | Orc:2    | Bought a potion of ambrosia for 96 gold pieces
 24194 | Orc:2    | Bought a scroll of identify for 24 gold pieces
 24253 | Orc:3    | Found a flagged portal.
 24283 | Bailey   | Entered a bailey
 24355 | Bailey   | Got a pitted ring mail
 24366 | Bailey   | Identified the +9 ring mail of Waecef {+Fly MR+ Regen+ MP-9} (You found it in a bailey)
 24631 | Orc:3    | Found a staircase to the Elven Halls.
 25018 | Orc:4    | Entered Level 4 of the Orcish Mines
 25222 | Orc:4    | Noticed Harold
 25233 | Orc:4    | Killed Harold
 25257 | Orc:4    | Noticed an orc warlord
 25486 | Orc:4    | Received a gift from Pakellas
 25673 | Orc:4    | Reached XP level 15. HP: 108/139 MP: 27/27
 25680 | Orc:4    | Killed an orc warlord
 25680 | Orc:4    | Reached skill level 15 in Fighting
 26459 | Orc:4    | Found Esoul's Antique Armour Boutique.
 26460 | Orc:4    | Found Pixtiag's Antique Weapon Boutique.
 26462 | Orc:4    | Found Treojefu's General Store.
 26462 | Orc:4    | Found Vuetamiu's Book Shop.
 26477 | Orc:4    | Bought a scroll of blinking for 105 gold pieces
 26487 | Orc:4    | Bought a crude cloak for 190 gold pieces
 26500 | Orc:4    | Identified the +3 cloak "Psyploko" {rElec rC++ Str+4 Int+2} (You bought it in a shop on level 4 of the Orcish Mines)
 26829 | D:8      | Identified a +10 lightning rod (18/18) (supercharged by Pakellas)
 27048 | Shoals:1 | Entered Level 1 of the Shoals
 27286 | Shoals:1 | Got an ancient falchion
 27287 | Shoals:1 | Identified the +6 falchion of the Middle {slice, rElec rN+ MP+9 Dex+4 SInv} (You took it off a merfolk aquamancer on level 1 of the Shoals)
 27549 | Shoals:1 | Found Xiheh's General Store.
 27562 | Shoals:1 | Bought a potion of heal wounds for 70 gold pieces
 27562 | Shoals:1 | Bought a scroll of vulnerability for 105 gold pieces
 27562 | Shoals:1 | Bought a lamp of fire for 560 gold pieces
 27562 | Shoals:1 | Bought a fan of gales for 560 gold pieces
 27562 | Shoals:1 | Bought a lamp of fire for 560 gold pieces
 27562 | Shoals:1 | Bought a scroll of identify for 28 gold pieces
 27658 | Shoals:1 | Found a glowing golden altar of the Shining One.
 27759 | Shoals:1 | Found Chuiff's Magic Scroll Shoppe.
 27918 | Shoals:2 | Noticed Nikola
 27933 | Shoals:2 | Killed Nikola
 27933 | Shoals:2 | Reached skill level 20 in Long Blades
 28099 | Shoals:2 | Got a brightly glowing scale mail
 28105 | Shoals:2 | Identified the cursed -5 scale mail of Lyrhut {rC+ Dex-2} (You found it on level 2 of the Shoals)
 28293 | Shoals:2 | Received a gift from Pakellas
 28417 | Shoals:2 | Noticed a kraken
 28430 | Shoals:2 | HP: 7/143 [tentacle[a kraken] (13)]
 28432 | Shoals:2 | Killed a kraken
 28467 | Shoals:2 | Reached XP level 16. HP: 25/151 MP: 29/29
 28734 | Shoals:2 | Identified a scroll of acquirement
 29894 | Shoals:4 | Cast into the Abyss (merfolk javelineer)
 29968 | Abyss:1  | Paralysed by accursed screaming for 2 turns
 29975 | Abyss:1  | Paralysed by accursed screaming for 1 turns
 29984 | Abyss:1  | Reached skill level 15 in Evocations
 29989 | Abyss:1  | Noticed a tentacled starspawn
 29996 | Abyss:1  | HP: 5/151 [tentacled starspawn (15)]
 29997 | Abyss:1  | Killed a tentacled starspawn
 30152 | Abyss:1  | Paralysed by accursed screaming for 1 turns
 30220 | Abyss:1  | Noticed a lich
 30443 | Abyss:1  | Found a corrupted altar of Lugonu.
 30615 | Abyss:1  | Noticed a tentacled starspawn
 30620 | Abyss:1  | Killed a tentacled starspawn
 31125 | Abyss:1  | Noticed a tentacled starspawn
 31128 | Abyss:1  | Killed a tentacled starspawn
 31322 | Abyss:1  | Noticed a tentacled starspawn
 31326 | Abyss:1  | Paralysed by accursed screaming for 1 turns
 31696 | Abyss:1  | Noticed a tentacled starspawn
 31705 | Abyss:1  | Killed a tentacled starspawn
 31863 | Abyss:1  | Reached XP level 17. HP: 152/161 MP: 31/31
 32216 | Abyss:1  | Reached skill level 21 in Long Blades
 32345 | Abyss:1  | Received a gift from Pakellas
 32406 | Abyss:1  | Gained mutation: You are frail (-10% HP). [a neqoxec]
 32409 | Abyss:1  | Noticed a bone dragon
 32415 | Abyss:1  | HP: 4/144 [large abomination (13)]
 32419 | Abyss:1  | Mangled by a large abomination

Action                   |  1- 3 |  4- 6 |  7- 9 | 10-12 | 13-15 | 16-18 || total
-------------------------+-------+-------+-------+-------+-------+-------++-------
Melee: Long sword        |   142 |   186 |   496 |   568 |       |       ||  1392
       Scimitar          |       |       |       |   490 |  1233 |    11 ||  1734
       War axe           |       |       |       |       |     6 |       ||     6
       Triple sword      |       |       |       |       |       |   449 ||   449
       Rod               |       |       |       |       |       |     1 ||     1
 Fire: Blowgun           |       |       |       |       |    33 |       ||    33
Throw: Javelin           |       |       |     1 |     6 |       |       ||     7
Invok: Quick Charge      |       |       |       |     4 |       |       ||     4
       Major Device Surg |       |       |       |       |     2 |     3 ||     5
 Abil: Evoke Twister     |       |       |       |       |     3 |       ||     3
       Evoke Flight      |       |       |       |       |     3 |     1 ||     4
Evoke: Wand              |       |       |     4 |    64 |    16 |    17 ||   101
       Stone of tremors  |       |       |       |     1 |     1 |       ||     2
       Rod               |       |       |       |       |   150 |    55 ||   205
       Lamp of fire      |       |       |       |       |     1 |     1 ||     2
       Fan of gales      |       |       |       |       |       |     1 ||     1
  Use: Potion            |       |       |     1 |     2 |       |     7 ||    10
       Scroll            |       |       |       |     8 |    26 |     7 ||    41
 Stab: Paralysed         |       |       |       |     5 |       |       ||     5
       Confused          |       |       |       |       |     1 |       ||     1
  Eat: Chunk             |     2 |     6 |    17 |    35 |    50 |    10 ||   120
       Fruit             |       |       |       |       |     1 |     1 ||     2
       Beef jerky        |       |       |       |       |     1 |       ||     1
       Meat ration       |       |       |       |       |       |     2 ||     2
